 Dungeon Crawl Stone Soup version 0.13-a0-1585-g6f4f798 (webtiles) character file.

1213 Kae the Cudgeler (level 7, -1/61 HPs)
             Began as a Minotaur Berserker on June 12, 2013.
             Was a Priest of Trog.
             Slain by a goblin
             ... wielding a -1,+0 orcish club
              (3 damage)
             ... on Level 5 of the Dungeon.
             The game lasted 00:06:16 (3620 turns).

Kae the Cudgeler (Minotaur Berserker)               Turns: 3620, Time: 00:06:16

HP  -1/61        AC  3     Str 22      XL: 7   Next: 93%
MP   0/2         EV 13     Int  4      God: Trog [***...]
Gold 249         SH  0     Dex 11      Spells:  0 memorised,  6 levels left

Res.Fire  : + . .   See Invis. : .   a - +1,+0 mace
Res.Cold  : . . .   Warding    : .   b - +1 animal skin
Life Prot.: . . .   Conserve   : .   (no shield)
Res.Poison: .       Res.Corr.  : .   (helmet restricted)
Res.Elec. : .       Clarity    : .   (no cloak)
Sust.Abil.: . .     Spirit.Shd : +   (no gloves)
Res.Mut.  : .       Stasis     : .   (no boots)
Res.Rott. : .       Flight     : .   m - amulet of guardian spirit
Saprovore : . . .                    (no ring)
                                     l - ring of protection from fire

@: slightly resistant to hostile enchantments, unstealthy
A: retaliatory headbutt, horns 2
a: Burn Spellbooks, Berserk, Trog's Hand, Renounce Religion


You were on level 5 of the Dungeon.
You worshipped Trog.
Trog was greatly pleased with you.
You were near starving.

You visited 1 branch of the dungeon, and saw 5 of its levels.

You collected 229 gold pieces.

Inventory:

Hand weapons
 a - a +1,+0 mace (weapon)
 t - a +2,+2 sling of velocity
Missiles
 u - 15 stones (quivered)
Armour
 b - a +1 animal skin (worn)
Comestibles
 c - 2 bread rations
 i - 3 meat rations
 j - a pear
 r - 2 chokos
Scrolls
 d - 3 scrolls of remove curse
 f - 4 scrolls of teleportation
 p - a scroll of enchant armour
Jewellery
 l - a ring of protection from fire (left hand)
 m - an amulet of guardian spirit (around neck)
 n - an uncursed amulet of conservation
Potions
 e - 7 potions of curing {unknown}
 g - a potion of mutation {unknown}
 s - 5 potions of agility {unknown}


   Skills:
 + Level 5.9 Fighting
 * Level 7.6 Maces & Flails
 + Level 5.4 Armour
 + Level 4.7 Dodging


You had 6 spell levels left.
You didn't know any spells.

Dungeon Overview and Level Annotations

Branches:
Dungeon (5/27)             Temple (0/1) D:4

Altars:
Sif Muna
Trog


Innate Abilities, Weirdness & Mutations

You reflexively headbutt those who attack you in melee.
You have a pair of horns on your head.


Message History

You hit the centaur.
The centaur is almost dead.
The centaur hits you but does no damage.
Unknown command.
You hit the centaur. Your headbutt misses the centaur.
The centaur is almost dead.
The centaur hits you!
* * * LOW HITPOINT WARNING * * *
The goblin hits you with an orcish club.
* * * LOW HITPOINT WARNING * * *
The centaur hits you.
* * * LOW HITPOINT WARNING * * *
You hit the centaur.
You kill the centaur!
Trog accepts your kill. The goblin hits you but does no damage.
Unknown command.
You closely miss the goblin.
The goblin hits you with an orcish club.
You die...

# .... ..... ......
########.......
..........$....
........w......
........)g.......
#..@# #...#
###########...#
#........(<...########
#.....................
.............########
.##########).#######
.................
.................


You could see a worm and a goblin.

Vanquished Creatures
  Prince Ribbit (D:4)
  The ghost of corax the Vandal, an average SpHu (D:4)
  2 black bears (D:4)
  2 centaurs (D:5)
  A vampire bat (D:3)
  A hound (D:4)
  2 worker ants
  An adder (D:3)
  A giant mite (D:3)
  2 spectral bats (D:3)
  4 bat skeletons
  2 bat zombies (D:3)
  3 fire bats (D:3)
  A giant eyeball (D:4)
  3 giant geckos
  An orc (D:4)
  6 giant cockroaches
  11 goblins
  6 hobgoblins
  7 jackals
  A quokka (D:3)
  16 bats
  A bat simulacrum (D:3)
  4 giant newts
  A goblin skeleton (D:4)
  8 kobolds
  4 rats
93 creatures vanquished.

Notes
Turn   | Place    | Note
--------------------------------------------------------------
     0 | D:1      | Kae, the Minotaur Berserker, began the quest for the Orb.
     0 | D:1      | Reached XP level 1. HP: 19/19 MP: 0/0
   145 | D:1      | Reached XP level 2. HP: 15/26 MP: 0/0
   309 | D:1      | Reached skill level 4 in Maces & Flails
   371 | D:1      | Acquired Trog's second power
   977 | D:2      | Reached XP level 3. HP: 33/33 MP: 1/1
  1457 | D:2      | Found a deep blue altar of Sif Muna.
  1706 | D:3      | Reached XP level 4. HP: 36/40 MP: 1/1
  1742 | D:3      | Reached skill level 5 in Maces & Flails
  1747 | D:3      | Reached XP level 5. HP: 23/46 MP: 1/1
  2004 | D:3      | HP: 2/46 [poisoned by a kobold (curare-tipped needle)]
  2467 | D:4      | Found a bloodstained altar of Trog.
  2467 | D:4      | Noticed a black bear
  2468 | D:4      | Noticed a black bear
  2478 | D:4      | Killed a black bear
  2478 | D:4      | Reached XP level 6. HP: 21/53 MP: 2/2
  2481 | D:4      | Killed a black bear
  2481 | D:4      | Reached skill level 5 in Fighting
  2481 | D:4      | Reached skill level 6 in Maces & Flails
  2626 | D:4      | Paralysed by a giant eyeball for 2 turns
  2632 | D:4      | Paralysed by a giant eyeball for 3 turns
  2683 | D:4      | Found a staircase to the Ecumenical Temple.
  2819 | D:4      | Noticed Prince Ribbit
  2829 | D:4      | Killed Prince Ribbit
  2829 | D:4      | Reached skill level 5 in Armour
  2829 | D:4      | Reached XP level 7. HP: 17/60 MP: 2/2
  3065 | D:4      | Noticed corax's ghost (average SpHu)
  3074 | D:4      | Killed corax's ghost
  3074 | D:4      | Reached skill level 7 in Maces & Flails
  3272 | D:5      | Entered Level 5 of the Dungeon
  3618 | D:5      | HP: 1/61 [centaur (5)]
  3620 | D:5      | Slain by a goblin

Action                   |  1- 3 |  4- 6 |  7- 9 || total
-------------------------+-------+-------+-------++-------
Melee: Mace              |    83 |    85 |    37 ||   205
Invok: Trog's Hand       |       |     3 |       ||     3
       Berserk           |       |     1 |       ||     1
  Use: Scroll            |     6 |       |     7 ||    13
